 Dungeon Crawl Stone Soup version 0.21.1-1-g345015fe64 (webtiles) character file.

443 Ikesh the Grave Robber (level 6, -8/43 HPs)
             Began as a Mummy Necromancer on Mar 4, 2018.
             Killed from afar by an orc wizard (13 damage)
             ... with a puff of flame
             ... on level 3 of the Dungeon.
             The game lasted 00:25:06 (4854 turns).

Ikesh the Grave Robber (Mummy Necromancer)          Turns: 4854, Time: 00:25:07

Health: -8/43      AC:  4    Str: 11    XL:     6   Next: 71%
Magic:  5/14       EV: 13    Int: 16    God:
Gold:   158        SH:  0    Dex: 13    Spells: 5/15 levels left

rFire    x . .     SeeInvis .   d - +1 dagger
rCold    + . .     Gourm    .   (no shield)
rNeg     + + +     Faith    .   a - +2 robe
rPois    ∞         Spirit   .   (no helmet)
rElec    .         Reflect  .   (no cloak)
rCorr    .         Harm     .   (no gloves)
MR       .....                  (no boots)
Stlth    ++........             (no amulet)
HPRegen  0.14/turn              c - ring of flight
MPRegen  0.14/turn              h - ring of wizardry

@: no status effects
A: no food or potions, fire vulnerability, cold resistance 1, negative energy
resistance 3, torment resistance, unbreathing
a: Evoke Flight


You were on level 3 of the Dungeon.
You were not hungry.

You visited 1 branch of the dungeon, and saw 4 of its levels.

You collected 158 gold pieces.

Inventory:

Hand Weapons
 d - a +1 dagger (weapon)
Armour
 a - a +2 robe (worn)
 f - a +0 helmet
Jewellery
 c - a ring of flight (left hand)
 h - a ring of wizardry (right hand)
Scrolls
 e - 3 scrolls of identify
 g - 2 scrolls of amnesia
Books
 b - a book of Necromancy

   Spells                             Type                      Level
   a - Pain                           Necromancy                   1
   b - Animate Skeleton               Necromancy                   1
   c - Vampiric Draining              Necromancy                   3
   d - Regeneration                   Charms/Necromancy            3
   e - Animate Dead                   Necromancy                   4
   f - Borgnjor's Vile Clutch         Necromancy/Earth             5


   Skills:
 + Level 1.3 Fighting
 + Level 1.6 Short Blades
 + Level 2.5 Dodging
 + Level 2.2 Stealth
 + Level 5.3 Spellcasting
 + Level 5.6 Necromancy


You had 5 spell levels left.
You knew the following spells:

 Your Spells              Type           Power        Failure   Level  Hunger
a - Pain                  Necr           ###.         1%          1    N/A
b - Animate Skeleton      Necr           N/A          1%          1    N/A
c - Vampiric Draining     Necr           ###.......   1%          3    N/A
d - Borgnjor's Vile Clut  Necr/Erth      ##........   43%         5    N/A

Dungeon Overview and Level Annotations

Branches:
Dungeon (4/15)
 Temple: D:4-7

Altars:
Cheibriados
Gozag


Innate Abilities, Weirdness & Mutations

You do not eat or drink.
Your flesh is vulnerable to fire.
You are immune to poison.
Your flesh is cold resistant. (rC+)
You are immune to negative energy. (rN+++)
You are immune to unholy pain and torment.
You can survive without breathing.


Message History

The puff of flame hits you! The fire burns you terribly!
Okay, then.
The orc wizard hits you with a dagger.
The orc priest looks satisfied for a moment.
The orc wizard mumbles some strange words.
The orc wizard flickers and vanishes!
Deactivating autopickup; reactivate with Ctrl-A.
The orc priest miscasts a cantrip.
You hear some strange, mumbled words.
Something tries to affect you, but you resist.
A puff of flame appears from out of thin air!
The puff of flame hits you! The fire burns you terribly!
The orc priest calls down the wrath of Beogh upon you.
Beogh smites you!
* * * LOW HITPOINT WARNING * * *
Something tries to affect you, but you resist.
Something tries to affect you, but you resist.
A puff of flame appears from out of thin air!
The puff of flame hits you! The fire burns you terribly!
You die...

#.......# #.......#
#.......#####
######...........#
####....#.......# #.#
Z........#...######.##
####...........#.....#
#...........#.....#
#...........#@....#
##...........#.....#
...............#.....#
########.......#.....#####
........#.#####.........###
#######.#.........#####...#
.. #.###.......{.......#
######.#Z#......####.####..#
.........#.#....##.....##..#


There were no monsters in sight!

Vanquished Creatures
  An ogre (D:4)
  A water moccasin skeleton (D:4)
  2 orc priests (D:4)
  2 bullfrog skeletons (D:4)
  An iguana (D:4)
  2 worker ants (D:4)
  4 gnolls
  2 adders
  An ooze (D:1)
  An adder skeleton (D:4)
  A worm (D:2)
  3 dart slugs
  6 orcs
  6 bats
  4 giant cockroaches
  3 goblins
  4 hobgoblins
  8 kobolds
  A quokka (D:2)
  6 frilled lizards
  A leopard gecko skeleton (D:4)
  19 rats
79 creatures vanquished.

Vanquished Creatures (collateral kills)
  A bat (D:3)
  A hobgoblin (D:2)
  3 rats (D:2)
5 creatures vanquished.

Grand Total: 84 creatures vanquished

Notes
Turn   | Place    | Note
-------+----------+-------------------------------------------
     0 | D:1      | Ikesh the Mummy Necromancer began the quest for the Orb.
     0 | D:1      | Reached XP level 1. HP: 13/13 MP: 4/4
   278 | D:1      | Reached XP level 2. HP: 3/19 MP: 0/5
   560 | D:1      | Learned a level 1 spell: Animate Skeleton
   997 | D:1      | Reached XP level 3. HP: 20/24 MP: 0/7
  1073 | D:1      | Learned a level 3 spell: Vampiric Draining
  2145 | D:2      | Reached XP level 4. HP: 25/31 MP: 3/9
  2538 | D:3      | Found an opulent altar of Gozag.
  2710 | D:3      | Found a snail-covered altar of Cheibriados.
  3120 | D:4      | Reached skill level 1 in Short Blades
  3120 | D:4      | Reached XP level 5. HP: 24/36 MP: 9/11
  3258 | D:4      | Reached skill level 1 in Fighting
  3323 | D:3      | Reached skill level 5 in Necromancy
  3385 | D:3      | Learned a level 5 spell: Borgnjor's Vile Clutch
  3593 | D:4      | Reached XP level 6. HP: 30/43 MP: 2/13
  4458 | D:4      | Reached skill level 5 in Spellcasting
  4854 | D:3      | Killed from afar by an orc wizard

Skill      XL: |  1  2  3  4  5  6 |
---------------+-------------------+-----
Dodging        | 2 |  2.5
Spellcasting   | 3 4 5 |  5.3
Stealth        | 2 |  2.2
Short Blades   | 1 |  1.6
Fighting       | 1 |  1.3
Necromancy     | 5 |  5.6

Action                   |  1- 3 |  4- 6 || total
-------------------------+-------+-------++-------
Melee: Unarmed           |     5 |       ||     5
       Short sword       |    34 |       ||    34
       Dagger            |    22 |    94 ||   116
 Cast: Pain              |    53 |    72 ||   125
       Animate Skeleton  |    16 |    11 ||    27
       Vampiric Draining |       |    14 ||    14
  Use: Scroll            |     5 |     2 ||     7
 Stab: Sleeping          |     8 |     2 ||    10
Armor: Robe              |    15 |    19 ||    34
Dodge: Dodged            |    43 |    74 ||   117
